Map: Cerulean Fall LE

Players

SwimmingFish

  • Race: Zerg Zerg
  • League: Diamond
  • Spawn Location: 7:00

llllllllllll - Winner!

  • Race: Terran Terran
  • League: Diamond
  • Spawn Location: 1:00

VOD

Have the link to the VOD?

Description

Time

  • Played on: Sept. 17, 2018, 9:29 p.m.
  • Length: 15:24
Show
View Real Time Build Order
Export as new Build Order

SwimmingFish Zerg 

Build Orders: Hatch First 

Get SALT Encoding   

  12  0:03  Drone  
  13  0:15  Drone  
  13  0:18  Overlord  
  14  0:25  Extractor, Drone  
  15  0:37  Drone x2  
  17  0:56  Hatchery  
  16  1:02  Drone x2  
  18  1:17  Extractor  
  18  1:18  Spawning Pool  
  16  1:20  Drone  
  16  1:23  Drone  
  18  1:57  Drone  
  18  1:58  Overlord  
  19  2:05  Queen  
  19  2:06  Spine Crawler, Zergling x2  
  21  2:09  Zergling x4  
  21  2:10  Queen  
  25  2:21  Zergling x4  
  27  2:25  Metabolic Boost  
  26  2:45  Drone  
  26  2:46  Drone  
  26  2:47  Drone x2  
  30  2:52  Drone x2  
  32  3:07  Drone x2  
  32  3:12  Drone  
  35  3:13  Overlord  
  34  3:28  Zergling x4  
  34  3:31  Overlord x2, Queen  
  37  3:37  Drone x2  
  37  3:38  Drone x2  
  41  3:53  Drone x5  
  46  4:03  Queen  
  48  4:11  Hatchery  
  48  4:16  Overlord  
  47  4:19  Spore Crawler  
  47  4:20  Spore Crawler  
  45  4:25  Drone  
  45  4:26  Drone x3  
  45  4:29  Drone  
  50  4:31  Lair  
  50  4:39  Pneumatized Carapace  
  50  4:47  Drone  
  50  4:48  Drone x5  
  50  4:51  Overlord  
  56  5:02  Zergling x6  
  56  5:06  Extractor, Overlord  
  58  5:08  Extractor  
  51  5:32  Drone x6  
  57  5:39  Queen  
  57  5:40  Queen  
  57  5:41  Drone x3  
  64  5:47  Zergling x2  
  64  5:48  Zergling x8  
  69  5:55  Baneling Nest  
  68  6:03  Drone x3  
  71  6:04  Evolution Chamber  
  71  6:05  Evolution Chamber, Drone x3  
  71  6:06  Drone  
  71  6:10  Extractor  
  70  6:38  Spore Crawler  
  67  6:43  Zergling x6  
  67  6:44  Zergling x2  
  67  6:46  Drone x5  
  67  6:47  Drone x5  
  79  6:54  Hatchery  
  79  6:58  Hydralisk Den  
  77  7:03  Spore Crawler  
  77  7:04  Zerg Melee Weapons Level 1  
  77  7:06  Zerg Ground Armor Level 1  
  77  7:07  Centrifical Hooks  
  76  7:11  Spine Crawler  
  76  7:13  Queen  
  77  7:19  Drone x5  
  77  7:21  Overlord  
  77  7:22  Overlord x2  
  82  7:25  Spine Crawler  
  81  7:30  Baneling x7  
  81  7:35  Extractor  
  81  7:36  Extractor  
  79  7:39  Grooved Spines  
  79  7:40  Hydralisk  
  79  7:41  Hydralisk x3  
  79  7:42  Zergling x2  
  79  7:43  Zergling x2  
  89  7:48  Hatchery  
  88  8:01  Hydralisk  
  88  8:02  Hydralisk x2, Zergling x2  
  88  8:03  Zergling x10  
  100  8:18  Hydralisk  
  100  8:19  Hydralisk, Zergling x2  
  109  8:20  Zergling x8  
  109  8:24  Overlord x2  
  109  8:39  Overlord x2  
  101  9:03  Muscular Augments  
  101  9:04  Zerg Melee Weapons Level 2  
  101  9:11  Drone x12  
  101  9:12  Queen  
  101  9:13  Queen x3  
  101  9:14  Queen  
  123  9:30  Hydralisk x2  
  123  9:31  Hydralisk, Zergling x2  
  127  9:36  Zerg Ground Armor Level 2  
  130  9:40  Drone x6  
  130  9:43  Baneling x5  
  130  9:44  Hydralisk x2  
  140  9:46  Overlord  
  140  9:47  Overlord  
  140  9:49  Extractor  
  140  9:50  Spore Crawler  
  140  9:51  Extractor  
  137  10:44  Hydralisk  
  137  10:45  Hydralisk x9  
  137  10:48  Overlord x2  
  137  10:49  Overlord x4  
  157  10:50  Overlord x2  
  157  10:52  Infestation Pit  
  156  11:19  Overlord x2  
  156  11:20  Hydralisk x9, Hatchery  
  156  11:21  Hydralisk x6  
  185  11:35  Hive  
  185  11:42  Zergling x24  
  185  11:47  Drone x2  
  197  12:23  Zerg Missile Weapons Level 1  
  196  12:42  Overlord x2  
  152  13:06  Hydralisk x9  
  152  13:07  Hydralisk x16  
  152  13:08  Zergling x26  
  152  13:09  Zergling x8  
  178  13:22  Zergling x16  
  168  13:35  Queen x4  
  168  13:36  Queen  
  168  13:39  Baneling x8  
  168  13:40  Baneling x12, Zergling x2  
  168  13:41  Zergling x16  
  177  13:49  Ultralisk Cavern, Zergling x2  
  177  13:50  Zergling x2  
  178  14:00  Drone x5  
  183  14:19  Queen x3  
  183  14:20  Queen x2  
  193  14:28  Zergling x14  
Show
View Real Time Build Order
Export as new Build Order

llllllllllll Terran - Winner!

Build Orders: MMM Bio 

Get SALT Encoding   

  12  0:00  SCV  
  13  0:16  Supply Depot  
  13  0:18  SCV  
  14  0:31  Refinery, SCV  
  15  0:44  Barracks  
  15  0:49  SCV  
  16  1:01  SCV  
  17  1:04  Supply Depot  
  17  1:13  SCV  
  18  1:26  SCV  
  18  1:31  Reaper  
  20  1:42  Bunker  
  20  1:43  SCV  
  21  1:52  Factory  
  21  1:56  SCV  
  21  1:57  Refinery  
  22  2:08  SCV  
  23  2:14  Bunker  
  23  2:15  Reaper  
  24  2:20  SCV  
  25  2:32  SCV  
  25  2:52  Starport  
  25  2:54  Orbital Command  
  25  2:57  Factory Reactor, Command Center  
  25  3:10  Supply Depot  
  25  3:29  SCV  
  25  3:32  Viking  
  28  3:41  Barracks, SCV  
  29  3:49  Hellion x2  
  29  3:54  Supply Depot  
  29  3:55  SCV  
  34  4:06  Medivac  
  34  4:08  Barracks Tech Lab  
  36  4:16  Supply Depot  
  36  4:19  Hellion  
  38  4:28  SCV  
  39  4:32  Barracks Reactor  
  39  4:33  Stimpack  
  39  4:35  Orbital Command  
  39  4:40  SCV  
  40  4:50  Cyclone x2  
  40  4:52  SCV  
  47  5:08  SCV  
  47  5:09  SCV  
  47  5:11  Marine x2  
  47  5:12  Medivac  
  53  5:16  Barracks  
  53  5:21  SCV  
  54  5:29  SCV  
  54  5:30  Marine x2  
  54  5:33  SCV  
  58  5:36  Barracks  
  58  5:39  Barracks, Marine  
  58  5:42  Factory Tech Lab  
  59  5:44  Barracks, SCV, Supply Depot  
  60  5:56  SCV  
  61  6:02  Refinery  
  61  6:04  Refinery, Supply Depot  
  61  6:11  Medivac  
  63  6:12  Marine x2  
  63  6:13  Marine  
  66  6:19  Siege Tank  
  66  6:21  Marine  
  70  6:29  Marine x2  
  70  6:30  Marine  
  73  6:46  Marine  
  73  6:47  Marauder, Marine  
  73  6:49  SCV x2  
  73  6:52  Marine  
  73  6:53  Barracks Tech Lab  
  80  6:57  Siege Tank  
  80  7:00  Supply Depot  
  83  7:01  SCV  
  83  7:03  Engineering Bay x2  
  83  7:06  Barracks Reactor  
  84  7:11  SCV  
  84  7:13  SCV  
  86  7:16  Combat Shields  
  86  7:22  Marauder, Marine x3  
  91  7:23  Supply Depot  
  91  7:24  Marine  
  91  7:25  Barracks Tech Lab  
  92  7:30  Supply Depot  
  92  7:31  Terran Infantry Weapons Level 1  
  92  7:43  Supply Depot, Siege Tank  
  95  7:45  Marine  
  95  7:48  Concussive Shells  
  96  7:52  Medivac  
  96  7:54  Marine  
  96  7:58  SCV  
  100  8:27  Marine x3  
  100  8:28  Marauder x2, Marine  
  100  8:29  Medivac, Siege Tank  
  100  8:30  Armory  
  113  8:38  SCV  
  113  8:40  Marine x2  
  118  8:41  Marauder  
  118  8:45  Marine  
  119  8:52  Marine x3  
  119  8:54  SCV  
  120  8:59  Medivac  
  120  9:01  Siege Tank  
  123  9:03  Marine x2  
  125  9:13  Marine  
  126  9:18  Marauder x2, Marine, Supply Depot  
  126  9:19  Terran Vehicle Weapons Level 1, Terran Infantry Armor Level 1  
  131  9:27  Marine x3  
  134  9:40  Marine  
  134  9:41  Command Center  
  135  9:57  Marine x3  
  135  9:58  Marauder  
  140  10:00  SCV  
  140  10:05  Supply Depot x2  
  141  10:18  Marine  
  142  10:24  Supply Depot  
  142  10:26  Marine x2, Supply Depot  
  142  10:27  Marauder  
  146  10:44  Marine x3  
  146  10:45  Marauder, Terran Infantry Weapons Level 2  
  146  10:48  Supply Depot  
  151  11:02  Marine x3  
  151  11:03  Marauder  
  156  11:19  Marauder, Marine  
  159  11:27  Medivac, Marine x2  
  159  11:28  Marauder  
  159  11:32  Siege Tank  
  168  11:49  Marine x5  
  168  11:50  Marauder, Marine  
  176  12:02  Marine x2  
  176  12:04  Siege Tank  
  181  12:11  Marauder  
  183  12:17  Marine x2  
  183  12:20  Marauder, Planetary Fortress  
  183  12:22  Marine x2  
  187  12:23  Marauder  
  191  12:37  Marine x2  
  191  12:38  Marauder  
  195  12:45  Supply Depot  
  195  12:51  Missile Turret  
  195  12:53  Missile Turret, Siege Tank  
  166  13:10  Missile Turret  
  166  13:11  Marauder, Marine x6  
  166  13:12  Marauder x2  
  178  13:13  SCV x2  
  166  13:25  Siege Tank  
  169  13:28  Marine x2  
  169  13:33  Marauder  
  148  13:49  Marine x4  
  148  13:50  Marauder  
  148  13:53  Factory  
  148  13:54  Refinery, Marine  
  148  13:55  Refinery, Marine  
  156  13:57  Medivac, Siege Tank  
  161  14:09  Marine x2  
  165  14:10  Marauder  
  165  14:23  Marine x3  
  170  14:24  Marauder  
  170  14:27  Medivac  
  170  14:53  Marine x2  
  170  14:54  Marauder x2, Marine x2  
  170  14:59  Factory Tech Lab  
Tags
 
Composition
MMM Bio
Matchup
TvZ
Spawn Locations
Cross Positions
Add a new tag
Caveats
  • Supply blocks, unpowered buildings, or Contaminate may cause inaccurate times.
  • Supply counts are checked every 10 seconds.